 Dungeon Crawl Stone Soup version 0.32-a0-314-g526f7d4993 (webtiles) character file.

Game seed: 4996109295626029337

28751 Pooter the Severer (level 13, -2/110 HPs)
             Began as a Minotaur Fighter on Feb 13, 2024.
             Was a Priest of Hepliaklqana.
             Slain by a six-headed hydra (13 damage)
             ... on level 2 of the Lair of Beasts on Feb 16, 2024.
             The game lasted 01:23:10 (17680 turns).

Pooter the Severer (Minotaur Fighter)              Turns: 17680, Time: 01:23:11

Health: -2/110     AC: 13    Str: 26    XL:     13   Next: 11%
Magic:  17/17      EV:  7    Int:  5    God:    Hepliaklqana [***...]
Gold:   75         SH:  5    Dex: 10    Spells: 12/12 levels left

rFire   . . .        a - +6 morningstar of Dullness {elec, *Noise rPois Stlth+}
rCold   . . .        (no shield)
rNeg    . . .        O - +0 plate armour
rPois   +            (helmet restricted)
rElec   .            (no cloak)
rCorr   .            w - +0 pair of gloves
SInv    .            x - +0 pair of boots
Will    +....        A - amulet of reflection Stlth
                     y - ring of willpower
HPRegen 0.38/turn    (no ring)
MPRegen 0.15/turn

%: reflection
@: no status effects
A: reduced essence, horns 2, retaliatory headbutt
a: Renounce Religion, Recall Ancestor, Ancestor Identity, Transference


You were on level 2 of the Lair of Beasts.
You worshipped Hepliaklqana.
Hepliaklqana was most pleased with you.
You visited 2 branches of the dungeon, and saw 14 of its levels.

You collected 671 gold pieces.
You spent 596 gold pieces at shops.

Inventory:

Hand Weapons
 a - the +6 morningstar of Dullness (weapon) {elec, *Noise rPois Stlth+}
   (You bought it in a shop on level 7 of the Dungeon)

   rPois:     It protects you from poison *Noise: It may make a loud noise when
   swung.
   Stlth+:    It makes you more stealthy.
 b - a +3 arbalest of flaming
   (You bought it in a shop on level 8 of the Dungeon)
 v - a +2 hand axe of flaming
   (You took it off an orc priest on level 6 of the Dungeon)
 H - a +0 sling
   (You found it on level 1 of the Dungeon)
 I - the +1 hand axe of Dust {drain, rElec rPois rC++ Will-}
   (You took it off an orc wizard on level 8 of the Dungeon)

   rC++:      It greatly protects you from cold.
   rElec:     It insulates you from electricity.
   rPois:     It protects you from poison Will-: It decreases your willpower.
 J - a +7 halberd
   (You took it off a wight on level 8 of the Dungeon)
 K - a +0 orcbow
   (You took it off a centaur on level 8 of the Dungeon)
 L - a +1 broad axe of draining
   (You found it on level 9 of the Dungeon)
 M - a +4 spectral war axe
   (You took it off a naga on level 3 of the Lair of Beasts)
Missiles
 n - 2 throwing nets {!f}
 p - 10 javelins
 q - 16 poisoned darts (quivered)
 z - 6 datura-tipped darts
 B - 6 atropa-tipped darts
 E - 7 boomerangs
 P - 3 curare-tipped darts
 Q - 149 stones
Armour
 c - a +0 buckler
 w - a +0 pair of gloves (worn)
   (You found it on level 3 of the Dungeon)
 x - a +0 pair of boots (worn)
   (You found it on level 5 of the Dungeon)
 O - a +0 plate armour (worn)
   (You took it off an orc warrior on level 10 of the Dungeon)
Jewellery
 k - a ring of fire
   (You found it on level 2 of the Dungeon)
 y - a ring of willpower (left hand)
   (You found it on level 5 of the Dungeon)
 A - an amulet of reflection (around neck)
   (You found it on level 6 of the Dungeon)
Wands
 d - a wand of quicksilver (2)
   (You found it on level 1 of the Lair of Beasts)
 f - a wand of flame (22)
   (You found it on level 5 of the Dungeon)
 C - a wand of mindburst (3)
   (You took it off an orc wizard on level 8 of the Dungeon)
 F - a wand of charming (19)
   (You took it off an orc on level 7 of the Dungeon)
Scrolls
 e - a scroll of poison {!r}
 j - 2 scrolls of noise {!r}
 l - a scroll of fear
 m - 2 scrolls of revelation
 r - a scroll of silence
 t - 4 scrolls of teleportation {@r4}
 G - 2 scrolls of fog
Potions
 g - 2 potions of enlightenment
 h - 2 potions of magic
 o - a potion of attraction {!q}
 s - 3 potions of curing {@q1}
 u - 5 potions of lignification {!q}
 D - a potion of cancellation
 N - a potion of brilliance {unknown}


   Skills:
 + Level 13.7 Fighting
 - Level 17.9(18.0) Axes
 + Level 3.9(12.3) Maces & Flails
 * Level 10.7 Ranged Weapons
 - Level 3.6 Armour
 - Level 3.6 Shields
 + Level 6.7 Invocations


You had 12 spell levels left.
You didn't know any spells.
Your spell library contained the following spells:

 Spells                   Type           Power      Damage    Failure   Level
 Magic Dart               Conj           0%         1d3       100%        1
 Blink                    Tloc           0%         N/A       100%        2
 Call Imp                 Summ           0%         N/A       100%        2
 Sublimation of Blood     Necr           0%         N/A       100%        2
 Call Canine Familiar     Summ           0%         N/A       100%        3
 Frozen Ramparts          Ice            0%         1d1       100%        3
 Fugue of the Fallen      Necr           0%         N/A       100%        3
 Inner Flame              Hex/Fire       0%         N/A       100%        3
 Ozocubu's Armour         Ice            0%         N/A       100%        3
 Sigil of Binding         Hex            0%         N/A       100%        3
 Dimensional Bullseye     Hex/Tloc       0%         N/A       100%        4
 Flame Wave               Conj/Fire      0%         2d4       100%        4
 Leda's Liquefaction      Alch/Erth      0%         N/A       100%        4
 Manifold Assault         Tloc           0%         N/A       100%        4
 Passage of Golubria      Tloc           0%         N/A       100%        4
 Petrify                  Alch/Erth      0%         N/A       100%        4
 Sticky Flame             Fire/Alch      0%         2d4       100%        4
 Irradiate                Conj/Alch      0%         3d11      100%        5
 Metabolic Englaciation   Hex/Ice        0%         N/A       100%        5
 Silence                  Hex/Air        0%         N/A       100%        5
 Summon Hydra             Summ           0%         N/A       100%        7
 Lehudib's Crystal Spear  Conj/Erth      0%         10d2      100%        8


Dungeon Overview and Level Annotations

Branches:
Dungeon (11/15) Zot: 25939  Temple (0/1) D:7            Lair (3/5) D:9 Zot: 14300
 Shoals (0/4) Lair:3
  Snake: Lair:2-3    Spider: Lair:2-3       Orc: D:9-12

Altars:
Cheibriados
Dithmenos
Elyvilon
Fedhas
Hepliaklqana
Kikubaaqudgha
Okawaru
Uskayaw
Vehumet
Zin

Shops:
D:2 ?   D:6 :   D:7 (   D:8 (

Portals:
Trove: D:10 (show slimy rune of Zot)


Innate Abilities, Weirdness & Mutations

Your life essence is reduced to manifest your ancestor. (-10% HP)
You have a pair of horns on your head.
You reflexively headbutt those who attack you in melee.


Message History

The six-headed hydra bites you.
The six-headed hydra bites you but does no damage. x2
You climb upwards.
You feel yourself speed up.
There is a stone staircase leading down here.
You bludgeon the six-headed hydra!! You headbutt the six-headed hydra.
The six-headed hydra closely misses you.
The six-headed hydra bites you! The six-headed hydra bites you.
You block the six-headed hydra's attack.
The six-headed hydra bites you! x2
You barely miss the six-headed hydra. You headbutt the six-headed hydra.
The six-headed hydra bites you!
The six-headed hydra bites you but does no damage. x2
The six-headed hydra bites you!
* * * LOW HITPOINT WARNING * * *
The six-headed hydra closely misses you.
The six-headed hydra bites you.
* * * LOW HITPOINT WARNING * * *
You puncture the six-headed hydra! The six-headed hydra barely misses you.
The six-headed hydra closely misses you.
The six-headed hydra bites you but does no damage. x2
The six-headed hydra bites you!
* * * LOW HITPOINT WARNING * * *
The six-headed hydra bites you.
* * * LOW HITPOINT WARNING * * *
Unknown command.
You thump the six-headed hydra! You headbutt the six-headed hydra.
The six-headed hydra closely misses you.
The six-headed hydra bites you!
* * * LOW HITPOINT WARNING * * *
The six-headed hydra bites you but does no damage. x2
You block the six-headed hydra's attack.
The six-headed hydra bites you!
* * * LOW HITPOINT WARNING * * *
You sock the six-headed hydra!
Your morningstar of Dullness coughs noisily.
The six-headed hydra barely misses you. You furiously retaliate!
You headbutt the six-headed hydra.
The six-headed hydra bites you but does no damage.
The six-headed hydra barely misses you.
The six-headed hydra bites you but does no damage. x2
The six-headed hydra bites you.
* * * LOW HITPOINT WARNING * * *
You hit the six-headed hydra. The six-headed hydra bites you.
* * * LOW HITPOINT WARNING * * *
The six-headed hydra barely misses you.
You block the six-headed hydra's attack.
The six-headed hydra bites you!
You die...
Hepliaklqana delivers you to your ancestors.

##.# #.# ##.# #.# ##.### #.# #.##
#....# #.. ##.P# ##.### ##.#
#P.## #..### #P.# #..# #..#.#
#######... ##.#
######...####.#P..##.# #.#
#######P##.................#
#.###.........รท@.<.##...P.###P##
##.P#P.#...#####D..#####.########
#P>.........###.....##.#.###.## #
##.P#..P....#......P###...###.###
######..#P........>............#.
..####..##.P##.P....#.#P#####.##.
...P##..#######.P...##### ##.###
...##..#...#.##.P..## #P.# #
....................# ##.#


You could see a six-headed hydra.

Vanquished Creatures
  2 hydras
  2 two-headed ogres
  A death yak (Lair:3)
  Pikel (D:5)
  A manticore (D:11)
  20 cane toads
  3 kobold demonologists (D:11)
  6 komodo dragons
  A guardian mummy (D:10)
  A rime drake (Lair:1)
  A troll (D:11)
  6 blink frogs
  3 dream sheep (Lair:3)
  Sigmund (D:3)
  22 yaks
  2 wyverns
  Menkaure (D:5)
  A naga (Lair:3)
  An acid dragon (D:10)
  3 water moccasins
  4 orc warriors
  2 ice beasts (D:6)
  3 black bears
  4 ogres
  A wolf (Lair:1)
  A phantom (D:6)
  7 centaurs
  3 lemures (D:5)
  4 kobold brigands
  A gnoll sergeant (D:6)
  10 bullfrogs
  A scorpion (D:6)
  4 wights (D:8)
  8 killer bees
  A howler monkey (D:10)
  An electric eel (D:6)
  A vampire bat (D:7)
  3 bombardier beetles
  2 jellies
  9 orc priests
  4 hounds
  A gnoll bouda (D:8)
  5 iguanas
  A sleepcap (D:7)
  Jessica (D:3)
  Ijyb (D:5)
  A hexer (Lair:1)
  12 orc wizards
  A hell rat (D:9)
  8 adders
  7 gnolls
  2 white imps
  3 ufetubi (D:6)
  4 dart slugs
  3 ribbon worms
  38 orcs
  12 ball pythons
  3 bats
  5 bat skeletons (D:7)
  A bat zombie (D:7)
  10 endoplasms
  5 giant cockroaches
  5 goblins
  7 hobgoblins
  3 jackals (D:1)
  6 quokkas
  8 frilled lizards
  20 kobolds
  8 rats
334 creatures vanquished.

Vanquished Creatures (collateral kills)
  A skyshark (Lair:2)
  A black mamba (Lair:2)
  2 komodo dragons
  3 cane toads (Lair:2)
  A kobold demonologist (D:11)
  A guardian mummy (D:10)
  3 blink frogs (Lair:2)
  2 dream sheep (Lair:3)
  A shadow (D:11)
  4 yaks
  A wyvern (Lair:2)
  A naga (Lair:3)
  A water moccasin (D:8)
  A centaur (Lair:3)
  A kobold brigand (D:11)
  3 bullfrogs
  2 killer bees (D:8)
  An orc wizard (D:8)
  A hell rat (D:9)
  4 gnolls
  5 orcs
  A giant cockroach (D:4)
41 creatures vanquished.

Vanquished Creatures (others)
  2 killer bees (D:8)
  6 hexers
  A bombardier beetle (D:7)
  5 ancestors
  An orc wizard (D:8)
  A gnoll (D:6)
16 creatures vanquished.

Grand Total: 391 creatures vanquished

Notes
Turn   | Place    | Note
-------+----------+-------------------------------------------
     0 | D:1      | Pooter the Minotaur Fighter began the quest for the Orb.
     0 | D:1      | Reached XP level 1. HP: 19/19 MP: 0/0
    77 | D:1      | Reached skill level 3 in Axes
   152 | D:1      | Reached XP level 2. HP: 19/27 MP: 1/1
   444 | D:1      | Found a faded altar of an unknown god.
   510 | D:1      | Reached XP level 3. HP: 33/33 MP: 2/2
   870 | D:2      | Reached skill level 4 in Axes
   878 | D:2      | Found Mudgherut's Magic Scroll Shop.
   945 | D:2      | Bought a scroll of identify for 20 gold pieces
   945 | D:2      | Bought a scroll of identify for 20 gold pieces
   945 | D:2      | Bought a scroll of noise for 10 gold pieces
  1167 | D:2      | Reached XP level 4. HP: 41/41 MP: 3/3
  1326 | D:3      | Noticed Sigmund
  1343 | D:3      | Killed Sigmund
  1344 | D:3      | Reached skill level 5 in Fighting
  1344 | D:3      | Reached skill level 6 in Axes
  1344 | D:3      | Reached XP level 5. HP: 20/48 MP: 4/4
  1474 | D:3      | Noticed Jessica
  1476 | D:3      | Killed Jessica
  1477 | D:3      | Reached XP level 6. HP: 56/56 MP: 5/5
  1797 | D:2      | Bought a scroll of revelation for 75 gold pieces
  2210 | D:4      | Found a radiant altar of Vehumet.
  2213 | D:4      | You fall into a shaft and drop 3 floors!
  2240 | D:7      | Reached skill level 7 in Axes
  2262 | D:7      | Found Deckats's Antique Weapon Emporium.
  2308 | D:7      | Noticed a wyvern
  2317 | D:7      | Killed a wyvern
  2318 | D:7      | Reached XP level 7. HP: 28/63 MP: 6/6
  2781 | D:6      | Reached skill level 8 in Axes
  2875 | D:5      | Entered Level 5 of the Dungeon
  2952 | D:5      | Noticed Menkaure
  2996 | D:5      | Killed Menkaure
  2997 | D:5      | Reached skill level 9 in Axes
  3481 | D:5      | Reached XP level 8. HP: 72/73 MP: 7/7
  3495 | D:4      | Upgraded the game from 0.32-a0-172-gc5dd13f2a7 to
                  | 0.32-a0-290-g598725c5f2
  3797 | D:4      | Reached skill level 10 in Axes
  4130 | D:4      | Found a hide-covered altar of Uskayaw.
  4231 | D:4      | Found a shadowy altar of Dithmenos.
  4668 | D:5      | Found a white marble altar of Elyvilon.
  4681 | D:5      | Noticed Ijyb
  4686 | D:5      | Killed Ijyb
  5192 | D:5      | Noticed Pikel
  5210 | D:5      | Killed Pikel
  5211 | D:5      | Reached skill level 11 in Axes
  5576 | D:6      | Found Yliuj's Tremendous Tomes.
  5580 | D:6      | Reached XP level 9. HP: 79/83 MP: 8/8
  5831 | D:6      | Reached skill level 12 in Axes
  6004 | D:6      | Found a hazy altar of Hepliaklqana.
  6009 | D:6      | Became a worshipper of Hepliaklqana the Forgotten
  6969 | D:7      | Reached skill level 13 in Axes
  6979 | D:7      | Reached skill level 10 in Fighting
  7037 | D:7      | Found a staircase to the Ecumenical Temple.
  7151 | D:7      | Found a glowing silver altar of Zin.
  7280 | D:7      | Found an ancient bone altar of Kikubaaqudgha.
  7610 | D:8      | Identified the +1 hand axe of Dust {drain, rElec rPois rC++
                  | Will-}
  8259 | D:8      | Reached skill level 14 in Axes
  8259 | D:8      | Reached XP level 10. HP: 84/94 MP: 9/9
  8497 | D:8      | Found a blossoming altar of Fedhas.
  8687 | D:8      | Found an iron altar of Okawaru.
  8751 | D:8      | Reached * piety under Hepliaklqana
  8780 | D:8      | Upgraded the game from 0.32-a0-290-g598725c5f2 to
                  | 0.32-a0-306-gfed3edf829
  9050 | D:8      | Found Tuulymao's Antique Weapon Shop.
  9059 | D:8      | Bought a glowing arbalest for 210 gold pieces
  9225 | D:9      | Noticed a two-headed ogre
  9233 | D:8      | Reached skill level 1 in Ranged Weapons
  9234 | D:8      | Reached skill level 1 in Invocations
  9238 | D:8      | Reached skill level 15 in Axes
  9711 | D:9      | Killed a two-headed ogre
  9712 | D:9      | Upgraded the game from 0.32-a0-306-gfed3edf829 to
                  | 0.32-a0-314-g526f7d4993
 10799 | D:9      | Reached XP level 11. HP: 55/93 MP: 12/12
 11197 | D:9      | Found a staircase to the Lair.
 11396 | D:10     | Entered Level 10 of the Dungeon
 11691 | D:10     | Found a snail-covered altar of Cheibriados.
 11764 | D:10     | Reached skill level 5 in Ranged Weapons
 11910 | D:10     | Found a portal to a secret trove of treasure.
 12376 | D:10     | Reached ** piety under Hepliaklqana
 12377 | D:10     | Remembered your ancestor Siti as a hexer
 12437 | D:10     | Identified the staff "Qiprot" {+Blink rN+ Will+ Hexes
                  | Necro}
 13192 | D:11     | Reached skill level 16 in Axes
 13310 | D:11     | Noticed a sun demon
 13311 | D:11     | Noticed a two-headed ogre
 13318 | D:11     | Killed a two-headed ogre
 13756 | Lair:1   | Entered Level 1 of the Lair of Beasts
 15281 | Lair:2   | Noticed a skyshark
 15289 | Lair:2   | Killed a skyshark
 15290 | Lair:2   | Reached XP level 12. HP: 51/101 MP: 14/14
 15448 | Lair:2   | Reached skill level 17 in Axes
 15448 | Lair:2   | Reached skill level 5 in Invocations
 15666 | Lair:2   | Noticed an eight-headed hydra
 15675 | Lair:2   | Killed a four-headed hydra
 15924 | D:7      | Bought a crystal morningstar for 261 gold pieces
 15924 | D:7      | Identified the +6 morningstar of Dullness {elec, *Noise
                  | rPois Stlth+} (You bought it in a shop on level 7 of the
                  | Dungeon)
 16106 | Lair:2   | Reached skill level 1 in Maces & Flails
 16230 | Lair:2   | Reached *** piety under Hepliaklqana
 16545 | Lair:2   | Reached skill level 10 in Ranged Weapons
 16862 | Lair:3   | Noticed a death yak
 17090 | Lair:3   | Killed a death yak
 17091 | Lair:3   | Reached XP level 13. HP: 97/109 MP: 16/16
 17231 | Lair:3   | Found a staircase to the Shoals.
 17657 | Lair:3   | Found a runed translucent door.
 17680 | Lair:2   | Slain by a six-headed hydra

Illustrated notes

Levels and vault maps discovered:
D:1:      wander_arrival_lonely_grave, layout_loops_ring,
          hellmonk_ecumenical_altar_leap_of_faith, minmay_misc_feat_doors
D:2:      layout_rooms, serial_shops, nicolae_shop_tiny_waterfront
D:3:      layout_loops_ring, grunt_ministairs_1, nicolae_the_louvre,
          uniq_jessica, uniq_sigmund
D:4:      layout_basic, lemuel_round_altar, general_overflow_altar,
          nicolae_uskayaw_dance_hall, solitary_fountain
D:5:      layout_basic, kennysheep_mini, uniq_ijyb, uniq_pikel, uniq_menkaure
D:6:      kb_forest_paths, layout_loops_ring,
          mainiacjoe_overflow_six_doors_small, nrook_pool_corridor,
          nicolae_shop_i_like_big_books
D:7:      layout_rooms, kennysheep_vampire_church, zin_scriptorium,
          minmay_temple_entry_poolview, serial_shops, shop
D:8:      nicolae_BIG_FREAKIN_CUBE, layout_basic, kennysheep_okawaru_gauntlet,
          fedhas_altar_4, serial_shops, nicolae_lakefront_shop, st_stairs_6
D:9:      layout_small_grid, dpeg_lair_monsters
D:10:     layout_long_grid, cheibriados_altar_1,
          nicolae_trove_entry_path_of_doom, chequers_mini_garden,
          minmay_misc_feat_diagonals, serial_library_hellmonk_filled_rooms,
          kennysheep_generic_room_12
D:11:     layout_rooms
Lair:1:   layout_gridlike, beast_lair_carwin_4, lemuel_fruit_tree
Lair:2:   layout_loops_ring, beast_lair_carwin_7
Lair:3:   regret_index_harrowing_hell_hive, layout_regular_city,
          minmay_shoals_entry_centaurs, guppyfry_snake_entry_island,
          pf_torpor_hydra

Skill      XL: |  1  2  3  4  5  6  7  8  9 10 11 12 |
---------------+-------------------------------------+-----
Axes           | 3 4 6 7 9 11 14 15 16 17 | 17.9
Fighting       | 4 5 6 7 9 10 11 12 13 | 13.7
Ranged Weapons | 4 8 10 | 10.7
Invocations    | 2 4 6 |  6.7
Maces & Flails | 3 |  3.9
Armour         | |  3.6
Shields        | |  3.6

Action                     |  1- 3 |  4- 6 |  7- 9 | 10-12 | 13-15 || total
---------------------------+-------+-------+-------+-------+-------++-------
  Melee: War axe           |    98 |    70 |   313 |    89 |       ||   570
         Headbutt          |    15 |     6 |    53 |    51 |     5 ||   130
         Broad axe         |       |       |       |   122 |       ||   122
         Morningstar       |       |       |       |    30 |    25 ||    55
         Hand axe          |       |       |       |     4 |       ||     4
   Fire: Sling             |     7 |       |    17 |    15 |       ||    39
         Arbalest          |       |       |       |   164 |    11 ||   175
  Throw: Stone             |       |     4 |     2 |       |       ||     6
         Dart              |       |       |     6 |    21 |       ||    27
         Javelin           |       |       |     3 |       |       ||     3
 Invoke: Ancestor Life: He |       |       |       |     1 |       ||     1
  Evoke: Wand              |       |       |    11 |    15 |       ||    26
    Use: Scroll            |     4 |       |     7 |     5 |     3 ||    19
         Potion            |       |     1 |     5 |     3 |       ||     9
   Stab: Distracted        |       |       |       |     2 |       ||     2
 Armour: Scale mail        |    53 |    31 |       |       |       ||    84
         Chain mail        |       |    14 |   222 |    91 |       ||   327
         Plate armour      |       |       |       |   112 |    86 ||   198
  Dodge: Dodged            |    44 |    32 |    84 |    78 |    22 ||   260
  Block: Buckler           |    25 |    13 |    91 |    16 |       ||   145
         Reflection        |       |       |     4 |     5 |       ||     9
         Other             |       |       |       |    43 |    10 ||    53

Table legend: (Time is in decaauts)
 A = Elapsed time spent in this place.
 B = Non-inter-level travel time spent in this place.
 C = Inter-level travel time spent in this place.
 D = Time resting spent in this place.
 E = Time spent auto-exploring this place.
 F = Levels seen in this place.
 G = Mean time per level.
                   A        B        C        D        E       F      G
               +--------+--------+--------+--------+--------+-----+--------+
         Total |  17839 |  17164 |    675 |   6491 |   7642 |  14 | 1274.2 |
       Dungeon |  14141 |  13581 |    560 |   5196 |   5907 |  11 | 1285.5 |
          Lair |   3698 |   3583 |    115 |   1295 |   1735 |   3 | 1232.7 |
               +--------+--------+--------+--------+--------+-----+--------+

Top non-repeatable levels by time:
     D:8: 2200 daAuts
     D:9: 1963 daAuts
  Lair:2: 1861 daAuts
    D:10: 1781 daAuts
     D:5: 1622 daAuts
     D:6: 1548 daAuts
  Lair:1: 1213 daAuts
     D:4: 1209 daAuts
     D:7: 1115 daAuts
     D:1: 753 daAuts
     D:3: 752 daAuts
  Lair:3: 624 daAuts
     D:2: 598 daAuts
    D:11: 596 daAuts
